AoeStats
← Coyunto90

Four Lakes

509159632Analyzed
1v1 RM · 7d ago on Sep 25, 2026· 42m 36s· 2 players
Game mode
Random Map
Map size
Tiny (2 player)
Population
200
Speed
Normal
Resources
Standard
Victory
Conquest
Starting age
Dark Age
Ending age
Imperial Age
RankedLock teamsTeams togetherTeam positionsShared explorationLock speedFull tech treeHidden civsTurbo modeCheats
Victory
Defeat
🇪🇸 Japanese · Spain
1139
+15
🇬🇧 Varangians · United Kingdom
1127
-15
Hoveringpuppy
6:54 Loom
10:26 Feudal Age
11:07 Double-Bit Axe
13:54 Fletching
19:55 Castle Age
17:25 Man-at-Arms
21:18 Bodkin Arrow
21:37 Elite Skirmisher
22:39 Bow Saw
25:02 Padded Archer Armor
25:15 Horse Collar
27:28 Wheelbarrow
29:34 Fishing Lines
30:39 Town Watch
30:48 Gold Mining
32:39 Hand Cart
34:35 Crossbowman
35:34 Forging
35:47 Husbandry
36:00 Bloodlines
35:50 Husbandry
37:31 Leather Archer Armor
Coyunto90
10:54 Feudal Age
11:00 Loom
11:42 Fishing Lines
11:49 Double-Bit Axe
16:08 Castle Age
15:00 Fletching
16:10 Gold Mining
16:48 Bodkin Arrow
17:23 Bow Saw
19:20 Gillnets
23:03 Wheelbarrow
22:32 Town Watch
27:39 Imperial Age
25:13 Scale Mail Armor
25:52 Guard Tower
26:39 Horse Collar
27:11 Squires
28:08 Chain Mail Armor
30:11 Keep
29:22 Arrowslits
30:13 Plate Mail Armor
30:58 Forging
31:34 Conscription
32:13 Ballistics
31:56 Yasama
33:32 Iron Casting
33:54 Arson
35:30 Blast Furnace
34:48 Capped Ram
36:10 Elite Samurai
37:46 Heavy Plow
38:13 Hand Cart
40:55 Chemistry
42:18 Elite Skirmisher
43:00 Bracer
Connection lost

Rejoining the realm…

Still unreachable

The connection could not be restored.

Session expired

The server has moved on; the page needs a fresh start.